[Event "Azerbaijan-ch 1st League 2025"]
[Site "Baku"]
[Date "2025.01.08"]
[Round "3.8"]
[White "Allajov, Ramil"]
[Black "Suleymanli, Suleyman"]
[Result "0-1"]
[Annotator "TA"]
[ECO "D55"]
[WhiteElo "2079"]
[BlackElo "2280"]
[PlyCount "102"]
[EventDate "2025.01.05"]
[EventType "swiss"]
[EventCountry "AZE"]
[SourceTitle "playchess.com"]
[Source "ChessBase"]
[SourceQuality "1"]
[TimeControl "40/5400+30:1800+30"]

1. c4 e6 2. d4 d5 3. Nf3 Nf6 4. Bg5 Be7 5. Nc3 O-O 6. e3 b6 7. cxd5 Nxd5 8. Bxe7 Qxe7 9. Nxd5 exd5 10. Be2 Be6 11. O-O Nd7 12. Qa4 c5 {[%emt 0:00:22] The position is equal.} 13. Qa3 Rfc8 14. Rac1 Kf8 15. dxc5 bxc5 16. b3 a5 17. Bb5 a4 18. bxa4 c4 19. Qc3 Nc5 20. Ne5 Kg8 21. a5 (21. Nc6 Qd6 22. Nb4 Nxa4 23. Bxa4 Rxa4 $15) 21... Ne4 22. Qd4 (22. Nc6 $2 Rxc6 23. Qe1 Rcc8 $19) 22... Qc5 23. Qxc5 Rxc5 24. Bc6 (24. a4 $11) 24... Raxa5 25. Nxc4 Ra7 {[%emt 0:17:36] Black is more active.} (25... Rxa2 $17 26. Ne5 Rxf2 27. Rxc5 Rxf1+ 28. Kxf1 Nxc5) 26. Ne5 $11 Nc3 27. Bb5 {[%emt 0:01:26] [#] Repels Ne2+} Rac7 $1 $36 {[%emt 0:00:33][%mdl 2048] Black is in control.} 28. Rxc3 Rxc3 29. a4 f6 30. Nf3 Bd7 31. Nd4 Rc1 32. Bxd7 {[%emt 0:04:27] Black must now prevent Be6+.} Rxf1+ 33. Kxf1 Rxd7 {[%emt 0:00:02][%mdl 4096] Endgame. KR-KN} 34. Nb5 {[%emt 0:00:07] Wards off Ra7} Rd8 35. Ke2 Kf7 36. Kd3 Ra8 37. Nc3 Ke6 38. Kd4 Kd6 39. Nb5+ Kc6 40. Nc3 Ra5 41. g4 Rc5 42. Kd3 Rc4 43. e4 Kc5 {[%emt 0:00:11] Hoping for ...d4.} 44. Nxd5 Rxa4 45. Ke3 $2 (45. f3) 45... Ra3+ $19 46. Kf4 Rh3 {[%emt 0:03:07][%cal Oc5d4] And now ...Kd4! would win.} (46... g5+ 47. Kf5 $17) 47. Nc7 $2 (47. g5 fxg5+ (47... Rxh2 48. Kg3 $11) 48. Kxg5) 47... g5+ ({Not} 47... Rxh2 48. Kg3 Rh1 49. Ne6+ Kd6 50. Nxg7 $11) 48. Kf5 Kd6 49. e5+ {[%emt 0:16:21] [#]} (49. Nb5+ $19 Ke7 (49... Kc5 $2 50. Nc7 $19) 50. Nd4) 49... Kxc7 {[%emt 0:01:11] Black mates.} 50. exf6 Kd7 51. Kxg5 Rxh2 {[%emt 0:00:11] Weighted Error Value: White=0.40/Black=0.08 (flawless) .  Mistake:       	White=5     	Black=1      Inaccurate:     	White=1     	Black=1      OK:         	White=17    	Black=15     Best:        	White=2     	Black=7      Strong:       	---       	Black=1} 0-1

[Event "Azerbaijan-ch 1st League 2025"]
[Site "Baku"]
[Date "2025.01.08"]
[Round "3.9"]
[White "Israilov, Agil"]
[Black "Isfandiyarli, Kamal"]
[Result "1/2-1/2"]
[Annotator "TA"]
[ECO "C00"]
[WhiteElo "2280"]
[BlackElo "2027"]
[PlyCount "75"]
[EventDate "2025.01.05"]
[EventType "swiss"]
[EventCountry "AZE"]
[SourceTitle "playchess.com"]
[Source "ChessBase"]
[SourceQuality "1"]
[TimeControl "40/5400+30:1800+30"]

1. Nf3 d5 2. d3 Nf6 3. Nbd2 c5 4. g3 Nc6 5. Bg2 e6 6. e4 Be7 7. O-O O-O 8. Re1 b5 9. a4 b4 10. b3 Ba6 11. Bb2 Rc8 12. exd5 exd5 13. Nh4 (13. Ne5 {simplifies} Nxe5 14. Rxe5 Bb7 15. Qf1) 13... Ne8 14. Qg4 Bf6 15. Bxf6 Nxf6 16. Qd1 {[%emt 0:09:04] [#]} c4 17. bxc4 dxc4 18. dxc4 g6 {[%emt 0:04:57] Dodges Nf5} 19. c5 Nd4 20. Nhf3 $1 Nxf3+ (20... Rxc5 $2 {loses.} 21. Nxd4 Qxd4 22. Ne4 $18) 21. Qxf3 Rxc5 $1 {[%emt 0:01:16][%cal Oc5f5] ...Rf5! is the strong threat.} ({Much weaker is} 21... Qxd2 $6 22. Qxf6 Be2 23. c6 $16) 22. Nb3 Rc3 23. Qf4 {[%emt 0:00:17] And now Rad1 would win.} Re8 24. Rxe8+ Nxe8 25. Qxb4 Rxc2 26. Re1 Re2 27. Rxe2 Bxe2 28. Nd4 Ba6 29. h3 {[%emt 0:02:13] Threatening Nc6.} Qb6 30. Nc6 Qxb4 31. Nxb4 $11 {[%emt 0:00:10][%mdl 4096] Endgame KBN-KBN} Bc4 32. Nc6 a6 $1 33. Bf1 Nd6 34. Nb4 Bb3 35. a5 Nb7 36. Nc6 Ba4 37. Nb4 Nxa5 38. Nxa6 1/2-1/2

[Event "Azerbaijan-ch 1st League 2025"]
[Site "Baku"]
[Date "2025.01.08"]
[Round "3.10"]
[White "Ughuzov, Ravan"]
[Black "Huseynov, Ahmed"]
[Result "1-0"]
[Annotator "TA"]
[ECO "B03"]
[WhiteElo "2250"]
[BlackElo "1996"]
[PlyCount "79"]
[EventDate "2025.01.05"]
[EventType "swiss"]
[EventCountry "AZE"]
[SourceTitle "playchess.com"]
[Source "ChessBase"]
[SourceQuality "1"]
[TimeControl "40/5400+30:1800+30"]

1. e4 Nf6 2. e5 Nd5 3. d4 d6 4. c4 Nb6 5. f4 dxe5 6. fxe5 Nc6 7. Be3 Bf5 8. Nc3 e6 9. Nf3 Be7 10. Be2 O-O 11. O-O a5 ({Black should play} 11... f6 $14) 12. d5 $16 exd5 (12... Nb4 $16) 13. cxd5 $18 Nb4 14. Bxb6 $1 cxb6 15. Nd4 Bg6 16. Nf5 $2 ({Only move:} 16. d6 $18) 16... Bc5+ $11 {[%emt 0:02:44] This pair of bishops is nice.} 17. Kh1 Qe8 18. d6 {[%emt 0:08:43][%cal Bd5d6,Bd6d7][%mdl 32] Black must now prevent Ne7+.} Qxe5 19. Ne7+ Kh8 20. Nxg6+ hxg6 21. d7 $36 {[%emt 0:00:29][%cal Of1f7][%mdl 2048] White is pushing.} Rad8 (21... Bd6 $5 22. g3 $8 Qe6 $11) 22. Bb5 Nc6 (22... Bd6 $5 23. g3 $8 Qc5 $16) 23. Qf3 (23. Qg4 $1 $11) 23... Bd6 $15 (23... Rxd7 $2 24. Qh3+ (24. Bxc6 Rd2 $18) 24... Qh5 25. Qxd7 $18) (23... Qe6 $6 24. Rad1 $14) 24. Qh3+ Qh5 25. Rf3 {[%emt 0:00:35] [#]} (25. Qxh5+ $1 $11 {keeps the balance.} gxh5 26. Rad1 Rxd7 27. Rd5) 25... Rxd7 $1 $17 26. Rd1 (26. Nd5 Rdd8) 26... Rfd8 $2 {[%emt 0:01:41][%mdl 8192] [#]} (26... Rdd8 $1 $17 {stays on course.} 27. Qxh5+ gxh5) 27. g4 $1 $18 Qxh3 28. Rxh3+ Kg8 {[%emt 0:00:11] [#] Hoping for ...Be5.} 29. Rhd3 $1 {[%emt 0:00:02][%cal Bh3d3,Bd3d2,Bd2f2,Bf2f3][%mdl 1056] White has strong compensation. White is more active.} Kf8 30. Na4 Ne5 31. R3d2 ({Weaker is} 31. Nxb6 Nxd3 32. Nxd7+ Rxd7 33. Rxd3 (33. Bxd7 $2 {perishes.} Nf2+ 34. Kg1 Nxd1 $19) 33... Rd8 $15) 31... Nf3 32. Rf2 Bc5 33. Rxd7 Rxd7 34. Rxf3 Rd8 $2 (34... Rd1+ 35. Rf1 Rd4 36. Nxc5 bxc5) 35. Nxc5 bxc5 36. g5 Rd1+ 37. Kg2 Rd6 $2 (37... Rd5 {was necessary.} 38. h4 Rd4) 38. Rd3 Rb6 39. a4 Ke7 40. Kf3 1-0

[Event "Azerbaijan-ch 1st League 2025"]
[Site "Baku"]
[Date "2025.01.08"]
[Round "3.11"]
[White "Isbatov, Kanan"]
[Black "Gurbanov, Ismayil"]
[Result "0-1"]
[Annotator "TA"]
[ECO "E05"]
[WhiteElo "1882"]
[BlackElo "2248"]
[PlyCount "143"]
[EventDate "2025.01.05"]
[EventType "swiss"]
[EventCountry "AZE"]
[SourceTitle "playchess.com"]
[Source "ChessBase"]
[SourceQuality "1"]
[TimeControl "40/5400+30:1800+30"]

1. d4 Nf6 2. c4 e6 3. Nf3 d5 4. g3 Be7 5. Bg2 O-O 6. O-O dxc4 7. Qc2 a6 8. a4 Bd7 9. Rd1 Bc6 10. Nc3 Bxf3 11. Bxf3 c6 (11... Nc6 $11) 12. e4 a5 13. Ne2 Na6 14. Qxc4 Nb4 15. Bf4 Qb6 16. Nc3 Rfd8 17. Rac1 {[%emt 0:05:32] Prevents Nc2} Rac8 18. Be3 Qa6 19. Qb3 Nd7 20. Be2 Qa8 21. Bc4 Nf6 22. f3 Kf8 23. Ne2 {[%emt 0:01:53][%cal Bc3e2,Be2f4,Bf4e6][%mdl 32] aiming for Nf4.} c5 {[%emt 0:02:32] [#]} (23... Ne8 $14 {deserves consideration.}) 24. Bxe6 $1 $16 fxe6 25. Nf4 $1 Rc6 26. Nxe6+ Rxe6 27. Qxe6 cxd4 (27... Qa6 $16 28. Qxa6 Nxa6) 28. Rxd4 $18 (28. Bxd4 Nc6 29. Bf2 Bb4 $16) 28... Nc6 {[%emt 0:02:39] [#]} 29. Rxd8+ ({White should play} 29. Rd5 $1 $18 ) 29... Qxd8 $16 30. e5 Qd5 (30... Nd4 31. Bxd4 Qxd4+ 32. Kh1) 31. Qxd5 (31. Qc8+ $16 Ne8 32. Qf5+ (32. Qxb7 Qd3 $16) 32... Kg8 33. f4) 31... Nxd5 $11 32. Bc5 $132 {[%emt 0:00:01][%mdl 2048] White has counterplay} Nxe5 33. Bxe7+ Kxe7 34. Rc5 Kd6 35. Rxa5 Nxf3+ 36. Kg2 Ne1+ {[%emt 0:04:17] A dynamic duo of knights.} 37. Kf1 Nd3 38. Rb5 Kc6 39. Rb3 Nc5 40. Ra3 Kb6 41. a5+ Kb5 42. Ke2 Kb4 43. Rf3 Ne6 (43... Kxa5 $2 {loses.} 44. Rf5 $18) 44. Rf7 Ndc7 45. Kd3 Kxa5 46. Kc3 (46. h4 $11 {keeps the balance.}) 46... Kb5 $17 47. Rf5+ Kc6 48. Rf7 b6 49. Kc4 Kd6 50. Kb4 Kd5 51. Rd7+ Ke4 52. Rf7 Kd3 53. Kb3 Nd5 54. h4 Kd4 55. Kc2 Kc4 56. b3+ Kd4 57. Kb2 (57. g4 $17) 57... h5 $19 58. Rf5 g6 59. Rf7 Ke5 60. Rb7 Nc5 61. Rb8 (61. Rg7 $142 Kf6 62. Rg8) 61... Ne4 62. Re8+ {[%emt 0:00:27] [#]} Kf5 $1 63. Rd8 (63. b4 $142) 63... Nef6 64. Rh8 Kg4 65. Rh6 Ne7 66. Rh8 Kxg3 67. Rf8 Nfd5 68. Kc2 Kxh4 69. Kd3 Kg3 {[%emt 0:00:00] White must now prevent ...h4.} 70. Ke2 h4 71. Kf1 g5 72. Ke2 0-1

[Event "Azerbaijan-ch 1st League 2025"]
[Site "Baku"]
[Date "2025.01.08"]
[Round "3.12"]
[White "Hajialiyev, Islam"]
[Black "Baghirov, Orkhan"]
[Result "1-0"]
[Annotator "TA"]
[ECO "B22"]
[WhiteElo "2217"]
[BlackElo "1989"]
[PlyCount "79"]
[EventDate "2025.01.05"]
[EventType "swiss"]
[EventCountry "AZE"]
[SourceTitle "playchess.com"]
[Source "ChessBase"]
[SourceQuality "1"]
[TimeControl "40/5400+30:1800+30"]

1. e4 c5 2. c3 Nf6 3. e5 Nd5 4. d4 cxd4 5. Nf3 d6 6. cxd4 Nc6 7. Bc4 Nb6 8. Bb5 dxe5 9. Nxe5 Qd5 (9... Bd7 $11 10. Bxc6 Bxc6) 10. Bxc6+ $16 bxc6 11. O-O {[%emt 0:00:38] Nc3 is the strong threat. White is slightly better.} c5 (11... g6 $14) 12. Nc3 $18 Qxd4 13. Qe2 ({White should try} 13. Nb5 $18 Qxe5 14. Re1) 13... Nd7 $2 {[%emt 0:08:41] [#]} (13... f6 $16 14. Qh5+ g6 15. Nxg6 Bg4) 14. Nxf7 $1 Kxf7 15. Qf3+ Nf6 16. Qxa8 Qg4 17. Be3 h5 18. Rfe1 h4 19. h3 (19. Bxc5 h3 $18) 19... Qf5 20. Qxa7 Qg6 21. Qxc5 Bxh3 22. Qg5 Bc8 23. Qxg6+ Kxg6 24. Bc5 h3 25. f3 hxg2 26. Kxg2 (26. Bxe7 Bxe7 27. Rad1 Bb4 28. Kxg2 Bd7 $15) 26... Nh5 27. Ne2 {[%emt 0:04:09] Prevents Nf4+.} ({Don't take} 27. Bxe7 Nf4+ 28. Kg1 Nd3 $18) 27... Kf7 28. Kf2 g6 29. Rac1 Bb7 (29... Bg7 $142 30. Bd4 Be6) 30. Bd4 Nf6 31. Rh1 {[%emt 0:00:55] Prevents Rh3.} Bh6 (31... Rxh1 {keeps fighting.} 32. Rxh1 e5) 32. Rcg1 {[%emt 0:00:38] White is clearly winning.} Rh7 33. Bxf6 exf6 34. Rd1 Ke6 35. Ng3 {[%emt 0:01:16] [#] Strongly threatening Rhe1+.} f5 36. a4 Ke5 37. a5 Rh8 38. Rhe1+ Kf6 39. Rd6+ Kg5 40. Ne2 {[%emt 0:00:00] Black did not feel at home in the position after the opening.   Weighted Error Value: White=0.40/Black=0.67.  Loses game:     	---       	Black=1      Mistake:       	White=1     	Black=4      Inaccurate:     	White=1     	Black=2      OK:         	White=11    	Black=4      Best:        	White=2     	---} 1-0

[Event "Azerbaijan-ch 1st League 2025"]
[Site "Baku"]
[Date "2025.01.08"]
[Round "3.13"]
[White "Alizada, Pasham"]
[Black "Safarli, Ramzi"]
[Result "1-0"]
[Annotator "TA"]
[ECO "B28"]
[WhiteElo "2117"]
[BlackElo "1792"]
[PlyCount "75"]
[EventDate "2025.01.05"]
[EventType "swiss"]
[EventCountry "AZE"]
[SourceTitle "playchess.com"]
[Source "ChessBase"]
[SourceQuality "1"]
[TimeControl "40/5400+30:1800+30"]

1. e4 c5 2. Nf3 a6 3. c4 Nc6 4. d4 cxd4 5. Nxd4 e5 6. Nc2 Nf6 7. Nc3 d6 (7... Bc5 $11) 8. Bg5 Be7 9. Bxf6 Bxf6 10. Nd5 Bg5 {[%emt 0:00:04] [#]} 11. h4 $1 Bh6 12. g4 Bf4 $1 13. Be2 Be6 14. Nxf4 exf4 15. Qd2 Qf6 16. O-O-O (16. Qxd6 $2 Qxb2 17. Qd3 O-O $19 (17... Nb4 $2 18. Nxb4 Qxa1+ 19. Bd1 $19)) 16... Rd8 17. Nd4 (17. Kb1 $14) 17... Qe5 (17... f3 $1 $11 {should be considered.} 18. Nxf3 Bxg4) 18. Qc3 O-O 19. f3 (19. Nxc6 {simplifies} bxc6 20. Qxe5 dxe5 21. Rxd8 Rxd8 22. c5) 19... Na5 20. Kb1 Rfe8 21. Rd2 Rc8 (21... Bxg4 22. Rg1 Bd7 23. Rg5 $16) 22. b3 b6 (22... Bxg4 $11 23. Rg1 Bd7) 23. Qb2 (23. Rhd1 $16) 23... Nb7 ({Black should try} 23... Bxg4 $14 24. Rg1 Be6) 24. Rhd1 $16 f6 (24... Ra8 $16 25. g5 Bh3) 25. c5 $18 Nxc5 26. Nxe6 Nxe6 (26... Rxe6 $2 {too greedy.} 27. Bc4 Qxb2+ 28. Rxb2 $18 (28. Kxb2 Na4+ 29. Ka3 Rxc4 $18)) 27. Rxd6 b5 28. Rxa6 Qb8 (28... Qc5 $142 29. Rad6 (29. Rc1 Qf2 $16) 29... Qe3) 29. b4 Qb7 30. Rad6 {[%emt 0:00:33] Threatens to win with Qb3.} Kh8 (30... Rc6 {keeps fighting.} 31. Qb3 Rxd6 32. Rxd6 Qe7) 31. Qb3 Nf8 32. R6d5 Re5 33. Bxb5 Qb6 34. a4 Ne6 (34... Qa7 $142 35. h5 Rxd5 36. exd5 Nd7) 35. Rd6 Qf2 {[%emt 0:00:11] [#]} 36. Qc4 $3 Rb8 (36... Rf8 37. Rf1) 37. Rxe6 Qxf3 38. Red6 1-0

[Event "Azerbaijan-ch 1st League 2025"]
[Site "Baku"]
[Date "2025.01.08"]
[Round "3.14"]
[White "Halafov, Ilgar"]
[Black "Idrisov, Tabriz"]
[Result "1-0"]
[Annotator "TA"]
[ECO "A46"]
[WhiteElo "1990"]
[BlackElo "2073"]
[PlyCount "191"]
[EventDate "2025.01.05"]
[EventType "swiss"]
[EventCountry "AZE"]
[SourceTitle "playchess.com"]
[Source "ChessBase"]
[SourceQuality "1"]
[TimeControl "40/5400+30:1800+30"]

1. d4 c5 2. c3 Nf6 3. Nf3 e6 4. Bf4 Nh5 5. Bg5 Qb6 6. Qc2 (6. e4 $14) 6... h6 7. Bd2 Nc6 8. e3 d6 9. Bd3 Bd7 10. O-O Rc8 11. a3 Be7 12. Bc1 O-O 13. Nbd2 a5 (13... cxd4 $11 14. exd4 Qc7) 14. Qd1 (14. Nc4 $14 Qc7 15. Ncd2) 14... Qc7 15. Re1 cxd4 16. exd4 Nf4 17. Bc2 b5 18. Ne4 Ng6 19. Ng3 d5 20. Qd3 (20. Nh5 $14) 20... f5 (20... Bd6 $5) 21. Bd2 a4 22. Re2 Na5 23. Rae1 Nc4 (23... Qd6 $11) 24. Bc1 $2 (24. Rxe6 $1 $16 Nxb2 25. Qe2) 24... Bd6 $11 25. Nh5 Rf7 26. Qd1 Rcf8 27. Bd3 Re8 28. Qc2 Qd8 29. Qd1 Nh4 {[%emt 0:00:59] and ...Nxf3+ should not be overlooked} 30. Ne5 Nxe5 31. dxe5 Bc5 32. Rc2 Bc6 (32... Ref8 $5) 33. Bf1 Ref8 (33... Ng6 $11 {remains equal.}) 34. Nf4 $1 $16 Re8 $2 (34... Qe7 $16) 35. Be3 $2 (35. g3 $1 $18) 35... Bf8 36. f3 g5 37. Nh5 $1 Ng6 38. Bd4 Qc7 39. Rce2 (39. Nf6+ Rxf6 40. exf6 e5 $14) (39. g3 $18) 39... Kh8 (39... Nf4 $16) 40. Qd2 ({Better is} 40. g3 $18) 40... Bg7 (40... Nf4 $16) 41. g3 $18 Bd7 42. Kg2 Qd8 43. Qd3 (43. Kh1 $142 $1) 43... Ne7 $16 44. Kg1 {[%emt 0:03:22] White is much more active.} Nc6 45. Nxg7 (45. Qxb5 $2 Nxd4 46. Qd3 Nxe2+ 47. Rxe2 Qb6+ 48. Qd4 Rb8 49. Qxb6 Rxb6 $19) (45. Bf2 $16) 45... Kxg7 46. Qe3 (46. Qxb5 $2 Nxd4 47. Qd3 Nxe2+ 48. Rxe2 Qb6+ 49. Rf2 f4 $19) 46... f4 47. Qd3 fxg3 48. hxg3 (48. Qxb5 $2 Nxd4 (48... Rxf3 49. Qxa4 gxh2+ 50. Rxh2 $19) 49. Qb4 Nxf3+ (49... Nxe2+ $2 50. Bxe2 gxh2+ 51. Kxh2 $19) 50. Kh1 Nxe1 (50... gxh2 $2 51. Rb1 $19) 51. Rxe1 gxh2 $19) 48... Ne7 49. Bh3 Qc7 (49... Nf5 $14) 50. Rf2 Qc4 51. Qd2 Nf5 (51... Ref8 $16) 52. Bf1 (52. f4 $18) 52... Qc7 53. Kg2 Ref8 54. Bd3 Be8 55. Qe2 Qc6 ({Black should play} 55... Kg8) 56. Rh1 Rb7 57. f4 Qc7 $2 (57... Bg6 $16) 58. fxg5 $18 Bg6 59. gxh6+ (59. Bxb5 Nxd4 (59... hxg5 60. Bd3 $11) 60. cxd4 (60. gxh6+ $2 Kh7 $19) 60... Be4+ (60... hxg5 61. Bd3 $11) 61. Kh3 Rxf2 (61... Bxh1 $2 62. gxh6+ Kxh6 63. Rxf8 $18) 62. Qxf2 Bxh1 $19 (62... Rxb5 63. Qf6+ Kg8 64. Rf1 $11)) 59... Kg8 60. g4 (60. Bxb5 Nxd4 61. Rxf8+ (61. h7+ $2 Bxh7 62. Qg4+ Qg7 $19) 61... Kxf8 62. Rf1+ (62. cxd4 Be4+ 63. Kh2 Bxh1 $11) 62... Nf5 $11) 60... Nxd4 61. Rxf8+ Kxf8 62. cxd4 Qh7 63. Rf1+ (63. Bxb5 $2 Be4+ 64. Kg3 Bxh1 65. Qf1+ Kg8 $19) 63... Kg8 {[%emt 0:00:45] [#]} 64. Qf3 $1 Rb8 {[%emt 0:01:29] Dodges Qf8+} 65. Bxg6 Qxg6 {[%emt 0:00:01][%mdl 4096] Endgame KQR-KQR. White is two pawns up.} 66. Kg3 Kh7 67. Qf7+ Qxf7 68. Rxf7+ Kxh6 {[%emt 0:00:07] KR-KR. White is a pawn up.} 69. Rf6+ Kg5 70. Rxe6 b4 71. Rd6 $2 (71. Rf6 $18 bxa3 72. Rf5+ (72. bxa3 Rb3+ 73. Rf3 Kg6 $18) 72... Kg6 73. bxa3) 71... bxa3 $14 72. bxa3 Rb3+ 73. Kf2 Rxa3 $2 (73... Kf4 $14) 74. Rxd5 $18 Rb3 75. Ra5 (75. e6+ Kf6 $14) 75... a3 (75... Kf4 $142 76. Rxa4 Rb2+ 77. Ke1 Kxg4) 76. Ke2 $2 (76. d5 $18 {and d6 should not be overlooked} Kxg4 77. e6 Rb2+ 78. Ke1 (78. Ke3 Kf5 $18)) 76... Rh3 $2 (76... Kxg4 $16 77. e6 Kf4) 77. e6+ Kf6 78. d5 a2 79. g5+ (79. Rxa2 $2 Rh2+ 80. Ke3 Rxa2 $19) 79... Ke7 80. Kd2 $2 (80. Rxa2 $2 Rh2+ 81. Ke3 Rxa2 $19) (80. Ra7+ $18 Kd6 81. e7 (81. Rxa2 $2 Rh2+ 82. Kf3 Rxa2 $19)) 80... Rh1 $1 $11 81. Ra7+ $1 (81. Rxa2 $2 Rh2+ 82. Ke3 Rxa2 $19) 81... Kd6 $2 {[%emt 0:00:58][%mdl 8192] [#]} (81... Ke8 $11 82. Ra8+ (82. Rxa2 $2 Rh2+ 83. Ke3 Rxa2 $19) 82... Ke7 83. Ra7+ (83. Rxa2 $2 Rh2+ 84. Kd3 Rxa2 $19) 83... Kd8 84. Ra8+ (84. Rxa2 $2 Rh2+ 85. Ke3 Rxa2 $19) (84. e7+ $2 Ke8 $19) 84... Ke7) 82. e7 $1 $18 (82. Rxa2 $2 {loses.} Rh2+ (82... Kxd5 83. e7 $16) 83. Ke3 Rxa2 $19) 82... a1=Q 83. Rxa1 (83. e8=R Qd4+ (83... Qxa7 $2 84. Ke2 $19) 84. Ke2 Rh2+ (84... Qxa7 {gets mated.} 85. Rd8+ Ke7 86. Rf8 Kxf8 87. Kf3 Rh3+ 88. Kg4 Qe3 89. Kf5 Rf3+ 90. Kg6 Qe8+ 91. Kh7 Qh5#) 85. Kf3 Rf2+ (85... Qxa7 86. Kg4 Rg2+ 87. Kf5 Qf7+ 88. Ke4 Qxe8+ 89. Kf3 Qe2+ 90. Kf4 Rf2+ 91. Kg3 Qf3+ 92. Kh4 Rh2#) (85... Rh3+ 86. Kg2 Qg4+ 87. Kf2 Qf3+ 88. Ke1 Rh1+ 89. Kd2 Rh2+ 90. Re2 Rxe2+ 91. Kd1 Qf1#) 86. Kg3 Qf4+ 87. Kh3 Rh2#) 83... Rh2+ 84. Ke3 Kxe7 85. Kf4 Kd6 86. Rd1 Rf2+ 87. Kg4 Rg2+ 88. Kf5 Rf2+ 89. Kg6 Rg2 90. Kf6 Rf2+ {[%emt 0:00:06] [#]} 91. Kg7 $1 Rg2 92. g6 Rg3 93. Kf7 Rf3+ 94. Kg8 Rg3 95. g7 Rg2 96. Rh1 1-0

[Event "Azerbaijan-ch 1st League 2025"]
[Site "Baku"]
[Date "2025.01.08"]
[Round "3.15"]
[White "Gulumov, Muthat"]
[Black "Ibrahimli, Suat"]
[Result "0-1"]
[Annotator "TA"]
[ECO "C52"]
[WhiteElo "2054"]
[BlackElo "1949"]
[PlyCount "48"]
[EventDate "2025.01.05"]
[EventType "swiss"]
[EventCountry "AZE"]
[SourceTitle "playchess.com"]
[Source "ChessBase"]
[SourceQuality "1"]
[TimeControl "40/5400+30:1800+30"]

1. e4 e5 2. Nf3 Nc6 3. Bc4 Bc5 4. b4 Bxb4 5. c3 Ba5 6. d4 d6 7. Qb3 Qd7 8. dxe5 dxe5 9. O-O {[%emt 0:01:15] [#] Ng5 is the strong threat.} Bb6 10. Rd1 Qe7 11. Ba3 {[%emt 0:07:15] The position is equal.} Qf6 12. Bb5 Bg4 13. Bxc6+ bxc6 14. Nbd2 Ne7 15. h3 Be6 16. c4 c5 17. Bxc5 O-O $1 (17... Bxc5 $6 18. Qb5+ Bd7 19. Qxc5 $16) 18. Qa3 Rfe8 (18... Bxc5 {simplifies} 19. Qxc5 Ng6 20. Kh1 Rfd8) 19. Bb4 {[%emt 0:06:36] [#]} (19. Bxe7 $11 {remains equal.} Qxe7 20. Qxe7 Rxe7 21. Nxe5) 19... a5 ({Black should try} 19... Ng6 $1 $17 {aiming for ...Nf4.} 20. c5 a5 21. cxb6 axb4 22. Qxb4 cxb6) 20. Bc3 (20. Bxe7 $11 Qxe7 (20... Rxe7 21. c5 $16) 21. Qxe7 Rxe7 22. Nxe5 Bxh3 23. Ndf3) 20... Nc6 21. c5 {[%emt 0:01:20][%cal Oa3a4] And now Qa4! would win.} Qe7 22. Nxe5 (22. Bxe5 $15 Nxe5 (22... Qxc5 23. Qxc5 Bxc5 24. Rdc1 $14) (22... Bxc5 23. Qc3 $17) 23. Nxe5 Qxc5 (23... Bxc5 24. Qc3 $17) 24. Qxc5 Bxc5 25. Ndf3) 22... Bxc5 $17 23. Nxc6 $4 (23. Qc1 $17 Bxf2+ 24. Kxf2 Qc5+ 25. Kg3 Nxe5 26. Nb3) 23... Bxf2+ $19 ({Weaker is} 23... Bxa3 24. Nxe7+ Bxe7 (24... Rxe7 25. Nf1 $15) 25. Nf3 $15) 24. Kxf2 Qxa3 {[%emt 0:29:17] Weighted Error Value: White=0.45/Black=0.10 (very precise) .  Loses game:     	White=1     	---        Mistake:       	White=3     	Black=1      Inaccurate:     	---       	Black=1      OK:         	White=5     	Black=6      Best:        	---       	Black=3      Strong:       	---       	Black=1} 0-1

[Event "Azerbaijan-ch 1st League 2025"]
[Site "Baku"]
[Date "2025.01.08"]
[Round "3.16"]
[White "Garakhanov, Shamsi"]
[Black "Kazimzade, Mahammad"]
[Result "1-0"]
[Annotator "TA"]
[ECO "E00"]
[WhiteElo "2022"]
[BlackElo "1743"]
[PlyCount "89"]
[EventDate "2025.01.05"]
[EventType "swiss"]
[EventCountry "AZE"]
[SourceTitle "playchess.com"]
[Source "ChessBase"]
[SourceQuality "1"]
[TimeControl "40/5400+30:1800+30"]

1. d4 Nf6 2. c4 e6 3. g3 Bb4+ 4. Nd2 c5 5. a3 Bxd2+ 6. Qxd2 cxd4 7. Nf3 O-O 8. Bg2 Nc6 9. Nxd4 Ne7 10. O-O d5 11. cxd5 Nexd5 12. Rd1 Qe7 ({Black should play} 12... e5 $14) 13. e4 $16 Nb6 14. b3 Bd7 $2 (14... e5 $16) 15. a4 $18 Rfd8 16. Ba3 Qe8 17. a5 {[%emt 0:01:10] White is much more active. Black is weak on the dark squares} (17. f4 $142) 17... Nc8 $2 (17... e5 $16) 18. Qb4 (18. a6 $18 Nb6 19. axb7) 18... Rb8 19. Rd2 a6 {[%emt 0:02:26] [#]} 20. Rad1 $1 $36 {[%emt 0:02:00][%mdl 2048] White is in control.} Na7 {[%emt 0:01:09] Inhibits Nc6.} 21. Qb6 Nc6 22. Nxc6 bxc6 23. Qe3 ({Better is} 23. Qxa6 $18 {Qd3 would now be deadly.} Ra8 24. Qb6) 23... Rb5 (23... c5 $16 {was called for.} 24. Bxc5 Bc6) 24. Bc5 Rdb8 25. b4 e5 26. Bf1 Rxb4 (26... Rxc5 $142 27. bxc5 Bg4) 27. Bxb4 ({Not} 27. Bxa6 Ra4 $18) 27... Rxb4 28. f3 Ra4 29. Qa7 Rd4 30. Rxd4 exd4 31. Qxd4 h6 32. Bxa6 Qe7 33. Be2 Kh7 34. a6 Bc8 35. a7 Bb7 36. Bd3 {[%emt 0:00:40] White wants to mate with e5+.} g6 37. Kg2 c5 38. Qc4 Nd7 39. Qa2 Ba8 40. Bc4 Ne5 41. Bd5 Qf6 42. Rf1 ({Weaker is} 42. Bxa8 Qxf3+ 43. Kg1 Qxd1+ 44. Kg2 Qf3+ 45. Kg1 Qd1+ 46. Kg2 Qf3+ 47. Kg1 Qe3+ 48. Kf1 (48. Qf2 Qa3 $17) 48... Qf3+ 49. Kg1 $11) 42... Nc6 43. Bxc6 Qxc6 44. Qxf7+ Kh8 45. Rb1 1-0